 Dungeon Crawl Stone Soup version 0.31-a0-1074-g0b22e4e0f1 (webtiles) character file.

Game seed: 2778688081827855483

1080 lunkers the Grappler (level 8, -3/59 HPs)
             Began as a Meteoran Shapeshifter on Nov 28, 2023.
             Was an Initiate of Ru.
             Slain by an orc
             ... wielding a +0 trident
              (4 damage)
             ... on level 6 of the Dungeon.
             The game lasted 00:06:15 (2842 turns).

lunkers the Grappler (Meteoran Shapeshifter)        Turns: 2842, Time: 00:06:15

Health: -3/59      AC:  7    Str: 16    XL:     8   Next: 85%
Magic:  1/9        EV: 10    Int: 10    God:    Ru [......]
Gold:   181        SH:  0    Dex: 15    Spells: 7/7 levels left

rFire   . .          .
                       - Unarmed
rCold   . . .        (shield currently unavailable)
rNeg    + . .        j - +1 scale mail
rPois   .            (no helmet)
rElec   .            (no cloak)
rCorr   .            (no gloves)
SInv    +            (no boots)
Will    +....        g - amulet of regeneration Stlth
                     h - ring of positive energy
HPRegen 1.09/turn    s - ring of see invisible
MPRegen 0.11/turn

%: no passive effects
@: flux-form, glowing
A: glow, contaminating, dopey 1, sense surroundings 1, otherworldly, glowing,
explore regen
a: Begin Untransformation, Renounce Religion


You were on level 6 of the Dungeon.
You worshipped Ru.
Ru was noncommittal.
You were something dangerously unstable.
You visited 2 branches of the dungeon, and saw 7 of its levels.
You also visited: Sewer.

You collected 181 gold pieces.

Inventory:

Armour
 a - a +0 animal skin
 j - a +1 scale mail (worn)
 t - a +0 cloak
Jewellery
 g - an amulet of regeneration (around neck)
 h - a ring of positive energy (left hand)
 s - a ring of see invisible (right hand)
 u - a +6 ring of intelligence
Talismans
 c - a beast talisman
 d - a flux talisman (active)
Wands
 o - a wand of digging (1)
Scrolls
 i - a scroll of fear
 k - a scroll of poison
 r - a scroll of revelation
 x - a scroll of fog
 y - a scroll of blinking
 B - a scroll of teleportation
 C - a scroll of enchant armour
Potions
 b - 2 potions of brilliance
 e - a potion of ambrosia {unknown}
 f - a potion of heal wounds
 l - a potion of lignification
 m - 2 potions of curing
 p - 2 potions of magic
 q - 2 potions of cancellation
 v - 2 potions of enlightenment
 w - a potion of resistance {unknown}
 z - 2 potions of mutation {unknown}
 A - 2 potions of haste


   Skills:
 - Level 1.1 Fighting
 - Level 2.1 Dodging
 * Level 9.9 Unarmed Combat
 + Level 7.0 Shapeshifting


You had 7 spell levels left.
You didn't know any spells.
Your spell library was empty.

Dungeon Overview and Level Annotations

Branches:
Dungeon (6/15) Zot: 1002   Temple (1/1) D:4 Zot: 578   Sewer (visited)

Altars:
Cheibriados
Dithmenos
Elyvilon
Fedhas
Gozag
Hepliaklqana
Makhleb
Nemelex Xobeh
Okawaru
Qazlal
Ru
Trog
Uskayaw
Vehumet
Wu Jian
Xom
Yredelemnul
Zin

Shops:
D:1 *   D:4 !


Innate Abilities, Weirdness & Mutations

You are something dangerously unstable.
You glow with magical radiation, making you easy to see and hit.
Foes you strike become dangerously contaminated with magical radiation.
You are incapable of wielding weapons or throwing items.
You are dopey. (Int -2)
You passively map a small area around you.
You are easily found by Zot.
You glow in the dark.
You regain HP and MP as you explore.


Message History

The orc warrior is moderately wounded.
Unknown command.
You hit the orc warrior.
The orc warrior glows dangerously bright.
The orc warrior is heavily wounded.
The orc warrior barely misses you.
The gnoll sergeant hits you from afar with a +0 antimagic spear.
Unknown command.
You completely miss the orc warrior.
The orc warrior is heavily wounded.
The orc warrior hits you with a +0 hand axe!
* * * LOW HITPOINT WARNING * * *
The gnoll sergeant hits you from afar with a +0 antimagic spear.
* * * LOW HITPOINT WARNING * * *
You feel your power leaking away.
You hit the orc warrior but do no damage.
The orc warrior shudders as magic cascades through it.
The orc warrior twists and deforms.
The orc warrior is heavily wounded.
The orc warrior hits you with a +0 hand axe!
* * * LOW HITPOINT WARNING * * *
The gnoll sergeant hits you from afar with a +0 antimagic spear.
* * * LOW HITPOINT WARNING * * *
You feel your power leaking away.
You punch the orc warrior!
The orc warrior begins to glow.
The orc warrior is severely wounded.
The orc warrior misses you.
Unknown command.
You punch the orc warrior!
You kill the orc warrior!
The gnoll sergeant hits you from afar with a +0 antimagic spear.
* * * LOW HITPOINT WARNING * * *
You feel your power leaking away.
Your Shapeshifting skill increases to level 7!
The gnoll sergeant hits you with a +0 antimagic spear.
* * * LOW HITPOINT WARNING * * *
You feel your power leaking away.
* * * LOW MAGIC WARNING * * *
The orc hits you from afar with a +0 trident.
You die...

###########
#........<#
#.######### #.#
,* #.# , *#p#
#g# ##'#o##
#...g.##### *
#+##*#.........#
.....#.....###.#
.............#,
......#.###.##,
* ......#.....#*
*


You could see a gnoll sergeant, a gnoll and an orc.

Vanquished Creatures
  Menkaure (D:5)
  Pargi (Sewer)
  An orc warrior (D:6)
  A bullfrog (D:6)
  2 scorpions
  A howler monkey (D:6)
  4 crimson imps (D:4)
  A hound (D:5)
  An orc priest (D:3)
  A sleepcap (D:4)
  Natasha (thrice) (D:4)
  2 iguanas (D:5)
  7 gnolls
  4 adders
  3 worms
  3 dart slugs
  6 orcs
  4 ball pythons
  3 bats
  3 endoplasms
  4 giant cockroaches
  5 goblins
  8 hobgoblins
  6 jackals
  5 quokkas
  8 frilled lizards
  5 kobolds
  3 rats
96 creatures vanquished.

Notes
Turn   | Place    | Note
-------+----------+-------------------------------------------
     0 | D:1      | lunkers the Meteoran Shapeshifter began the quest for the
                  | Orb.
     0 | D:1      | Reached XP level 1. HP: 16/16 MP: 2/2
    60 | D:1      | Reached skill level 4 in Unarmed Combat
    60 | D:1      | Reached XP level 2. HP: 15/23 MP: 3/3
   151 | D:1      | Reached XP level 3. HP: 7/28 MP: 4/4
   238 | D:1      | Found Bofut's Assorted Antiques.
   747 | D:2      | Reached XP level 4. HP: 26/35 MP: 5/5
  1011 | D:3      | Reached skill level 5 in Unarmed Combat
  1030 | D:3      | Reached XP level 5. HP: 40/40 MP: 6/6
  1225 | D:3      | Found a glowing drain.
  1230 | Sewer    | Entered a sewer
  1301 | Sewer    | Noticed Pargi
  1310 | Sewer    | Killed Pargi
  1311 | Sewer    | Reached skill level 6 in Unarmed Combat
  1311 | Sewer    | Reached skill level 5 in Shapeshifting
  1311 | Sewer    | Reached XP level 6. HP: 47/47 MP: 7/7
  1593 | D:4      | Found Pebir's Distillery.
  1662 | D:4      | Found a sparkling altar of Nemelex Xobeh.
  1672 | D:4      | Noticed Natasha
  1677 | D:4      | Killed Natasha
  1678 | D:4      | Reached skill level 7 in Unarmed Combat
  1762 | D:4      | Found a radiant altar of Vehumet.
  1780 | D:4      | Found a staircase to the Ecumenical Temple.
  1790 | D:4      | Reached XP level 7. HP: 23/52 MP: 8/8
  1809 | Temple   | Entered the Ecumenical Temple
  1819 | Temple   | Became a worshipper of Ru the Awakened
  2033 | D:4      | Found an opulent altar of Gozag.
  2078 | D:4      | Found a glowing silver altar of Zin.
  2132 | D:4      | Found a shimmering altar of Xom.
  2216 | D:4      | Noticed Natasha
  2224 | D:4      | Killed Natasha
  2225 | D:4      | Reached skill level 8 in Unarmed Combat
  2338 | D:4      | Noticed Natasha
  2348 | D:4      | Killed Natasha
  2376 | D:5      | Entered Level 5 of the Dungeon
  2515 | D:5      | Reached XP level 8. HP: 54/59 MP: 9/9
  2751 | D:5      | Noticed Menkaure
  2760 | D:5      | Killed Menkaure
  2761 | D:5      | Reached skill level 9 in Unarmed Combat
  2814 | D:6      | Gained mutation: You are dopey. (Int -2) [Ru sacrifice]
  2842 | D:6      | HP: 1/59 [gnoll sergeant/+0 antimagic spear (3)]
  2842 | D:6      | Slain by an orc

Illustrated notes

Levels and vault maps discovered:
D:1:      scummos_arrival_checkerplants, layout_basic, serial_shops, shop,
          serial_bayou_ford_a
D:2:      minmay_roachtagon, layout_loops_ring
D:3:      cheibrodos_helix_gallery, layout_basic, gup_sewer_entry_bowl,
          serial_shops, nicolae_shop_peninsula, kennysheep_flooded_box
D:4:      layout_loops_ring, pdpol_temple_overflow_zin_treasury_gozag_greed,
          general_overflow_altar, led_xom_imps, fiery_altar_vehumet,
          minmay_temple_entry_statues, serial_shops,
          nicolae_shop_tiny_waterfront, uniq_natasha
D:5:      layout_basic, st_stairs_2, uniq_menkaure
D:6:      layout_basic, mainiacjoe_overflow_tiny_flanked,
          nicolae_overflow_hidden_temple, minmay_misc_feat_plants
Temple:   nicolae_temple_bog_church

Skill      XL: |  1  2  3  4  5  6  7  8 |
---------------+-------------------------+-----
Unarmed Combat | 4 5 6 7 8 9 |  9.9
Shapeshifting  | 4 5 6 7 |  7.0
Fighting       | |  1.1
Dodging        | |  2.1

Action                     |  1- 3 |  4- 6 |  7- 9 || total
---------------------------+-------+-------+-------++-------
  Melee: Unarmed           |    65 |   131 |   131 ||   327
         Punch             |     1 |     2 |       ||     3
 Invoke: Sacrifice Purity  |       |       |     1 ||     1
    Use: Potion            |       |     1 |       ||     1
         Scroll            |       |    14 |     2 ||    16
 Armour: Animal skin       |    10 |       |       ||    10
         Scale mail        |    15 |    65 |    83 ||   163
         Skin              |       |    19 |       ||    19
  Dodge: Dodged            |    41 |    59 |    50 ||   150
   Form: Flux              |       |     1 |       ||     1

Table legend: (Time is in decaauts)
 A = Elapsed time spent in this place.
 B = Non-inter-level travel time spent in this place.
 C = Inter-level travel time spent in this place.
 D = Time resting spent in this place.
 E = Time spent auto-exploring this place.
 F = Levels seen in this place.
 G = Mean time per level.
                   A        B        C        D        E       F      G
               +--------+--------+--------+--------+--------+-----+--------+
         Total |   2841 |   2761 |     80 |      4 |   1945 |   8 |  355.1 |
       Dungeon |   2596 |   2526 |     70 |      0 |   1790 |   6 |  432.7 |
        Temple |     22 |     13 |      9 |      0 |      0 |   1 |   22.0 |
         Sewer |    222 |    222 |      0 |      4 |    154 |   1 |  222.0 |
               +--------+--------+--------+--------+--------+-----+--------+

Top non-repeatable levels by time:
     D:4: 746 daAuts
     D:3: 614 daAuts
     D:1: 447 daAuts
     D:5: 390 daAuts
     D:2: 336 daAuts
   Sewer: 222 daAuts
     D:6: 62 daAuts
  Temple: 22 daAuts
